 Dungeon Crawl Stone Soup version 0.21-a0-371-gd56c60c (webtiles) character file.

67 Horrz the Skirmisher (level 3, -5/30 HPs)
             Began as a Demonspawn Abyssal Knight on Oct 16, 2017.
             Was a Believer of Lugonu.
             Slain by a scorpion (6 damage)
             ... on level 3 of the Dungeon.
             The game lasted 00:05:05 (1507 turns).

Horrz the Skirmisher (Demonspawn Abyssal Knight)    Turns: 1507, Time: 00:05:05

Health: -5/30      AC:  3    Str: 12    XL:     3   Next: 98%
Magic:  0/4        EV:  8    Int: 13    God:    Lugonu [**....]
Gold:   171        SH:  6    Dex: 13    Spells: 2/2 levels left

rFire    . . .     SeeInvis .   a - +1 hand axe
rCold    . . .     Gourm    .   k - +0 shield
rNeg     . . .     Faith    .   h - +0 leather armour (curse)
rPois    .         Spirit   +   (no helmet)
rElec    .         Reflect  .   (no cloak)
rCorr    .         Harm     .   (no gloves)
MR       .....                  (no boots)
Stlth    +.........             e - amulet of guardian spirit
HPRegen  0.10/turn              (no ring)
MPRegen  0.09/turn              (no ring)

@: no status effects
A: powered by death 1
a: Depart the Abyss, Bend Space, Renounce Religion


You were on level 3 of the Dungeon.
You worshipped Lugonu.
Lugonu was pleased with you.
You were not hungry.

You visited 1 branch of the dungeon, and saw 3 of its levels.
You visited the Abyss 1 time.

You collected 171 gold pieces.

Inventory:

Hand Weapons
 a - a +1 hand axe (weapon)
Armour
 b - a +0 leather armour
 h - a cursed +0 leather armour (worn)
 j - a +0 plate armour
 k - a +0 shield (worn)
Jewellery
 e - an amulet of guardian spirit (around neck)
Scrolls
 d - 5 scrolls of identify {unknown}
 f - a scroll of enchant armour {unknown}
 g - 2 scrolls of recharging {unknown}
Comestibles
 c - 2 bread rations
 i - 6 chunks of flesh


   Skills:
 * Level 4.1 Fighting
 + Level 2.4 Axes
 + Level 2.4 Armour
 - Level 0.8 Dodging
 + Level 0.0 Shields
 - Level 2.4 Invocations


You had 2 spell levels left.
You didn't know any spells.

Dungeon Overview and Level Annotations

Branches:
Dungeon (3/15)

Altars:


Innate Abilities, Weirdness & Mutations

You regenerate a little health from kills.


Message History

You closely miss the scorpion.
The scorpion stings you but does no damage.
You barely miss the scorpion.
The scorpion stings you but does no damage.
You hit the scorpion but do no damage. The scorpion barely misses you.
You hit the scorpion but do no damage. The scorpion stings you!
The scorpion completely misses you.
You hit the scorpion but do no damage. The scorpion stings you!
* * * LOW HITPOINT WARNING * * *
You aren't carrying any potions.
You closely miss the scorpion. The scorpion barely misses you.
You hit the scorpion.
The scorpion is moderately wounded.
You block the scorpion's attack.
You closely miss the scorpion.
The scorpion is moderately wounded.
The scorpion stings you!
* * * LOW HITPOINT WARNING * * *
The scorpion stings you.
You die...

##.#. . # ... .#.##
#. #.###.#..##
#.###.##..!..#...
#..?...<†..###..###
####.#.#..>..... .##
##.....##.# ..###.#
#.#÷...##.##......#
#.##......@s.......#
## #.....#.##..!.#..
##......# .#..#
.................
....
##.......###.##.##
##( #.####.## #.# .#
# #.# #.% .. #.#
#.?... #.#


You could see a scorpion.

Vanquished Creatures
  2 adders (D:2)
  A worm (D:2)
  2 dart slugs
  A leopard gecko (D:1)
  3 giant cockroaches
  8 goblins
  4 hobgoblins
  2 kobolds
  2 quokkas
  2 ball pythons (D:2)
  6 bats
  3 frilled lizards
  5 rats
41 creatures vanquished.

Notes
Turn   | Place    | Note
-------+----------+-------------------------------------------
     0 | Abyss:1  | Horrz the Demonspawn Abyssal Knight began the quest for the Orb.
     0 | Abyss:1  | Reached XP level 1. HP: 18/18 MP: 2/2
     8 | D:1      | Escaped the Abyss
   199 | D:1      | Gained mutation: You regenerate a little health from kills. [demonic ancestry]
   199 | D:1      | Reached XP level 2. HP: 24/24 MP: 3/3
   861 | D:2      | Reached ** piety under Lugonu
   861 | D:2      | Reached XP level 3. HP: 11/30 MP: 1/4
  1283 | D:2      | Reached skill level 4 in Fighting
  1497 | D:3      | Noticed a scorpion
  1507 | D:3      | HP: 1/30 [scorpion (7)]
  1507 | D:3      | Slain by a scorpion

Vault maps used:
D:1:      lemuel_arrival_rhombus
D:2:      grunt_ministairs_8
D:3:      kennysheep_cluttered_room, hangedman_abyss_or_decor_lesser_grid

Skill      XL: |  1  2  3 |
---------------+----------+-----
Axes           | 2 |  2.4
Armour         | 2 |  2.4
Fighting       | 4 |  4.1
Dodging        | |  0.8
Invocations    | |  2.4

Action                   || total
-------------------------++-------
Melee: Hand axe          ||   134
  Eat: Chunk             ||     2
Armor: Leather armour    ||    40
Dodge: Dodged            ||    86
Block: Shield            ||     5

Table legend:
 A = Spawn XP
 B = Non-spawn XP
 C = Spawn XP percentage of total XP
 D = Spawn monster count
 E = Non-spawn monster count
 F = Spawn count percentage of total count
 G = Total turns spent on level
                    A         B        C        D         E        F      G
               +---------+---------+-------+---------+---------+-------+---------
         Total |       0 |      96 |   0.0 |       0 |      41 |   0.0 |  1507
               +---------+---------+-------+---------+---------+-------+---------
           D:1 |       0 |      30 |   0.0 |       0 |      16 |   0.0 |   798
           D:2 |       0 |      61 |   0.0 |       0 |      22 |   0.0 |   654
           D:3 |       0 |       5 |   0.0 |       0 |       3 |   0.0 |    47
               +---------+---------+-------+---------+---------+-------+---------
